 Dungeon Sprint DCSS version 0.27-a0-789-g6bb3289e1e (webtiles) character file.

Game seed: 4949553524625835668

781 rocky1 the Nimble (level 7, -5/87 HPs)
             Began as a Djinni Fire Elementalist on Mar 27, 2021.
             Was a High Priest of Makhleb.
             Slain by an ice devil (30 damage)
             ... in the Dungeon (Sprint VII: "The Pits").
             The game lasted 00:07:09 (1560 turns).

rocky1 the Nimble (Djinni Fire Elementalist)        Turns: 1560, Time: 00:07:10

Health: -5/87      AC:  8    Str:  7    XL:     7   Next: 85%
Gold:   0          EV: 12    Int: 18    God:    Makhleb [*****.] SH:  0 Dex: 14

rFire    + + .     SeeInvis .   j - +0 long sword (holy)
rCold    x . .     Faith    .   (no shield)
rNeg     . . .     Spirit   .   k - +3 ring mail
rPois    ∞         Reflect  .   (no helmet)
rElec    .         Harm     .   (no cloak)
rCorr    .         Rampage  .   (no gloves)
Will     .....     NoTele   +   (boots unavailable)
Stlth    ..........             (no amulet)
HPRegen  0.24/turn              (no ring)
MPRegen  0.00/turn              (no ring)

@: berserking, flying, very quick
A: fire resistance 2, cold vulnerability 1, float, innate caster, hp casting,
extra vitality 1
a: Renounce Religion, Minor Destruction, Lesser Servant of Makhleb, Major
Destruction, Greater Servant of Makhleb


You were in the Dungeon.
You worshipped Makhleb.
Makhleb was extremely pleased with you.
You visited 1 branch

Inventory:

Hand Weapons
 i - a +2 falchion
 j - a +0 long sword of holy wrath (weapon)
Armour
 a - a +0 robe
 k - a +3 ring mail (worn)
Scrolls
 g - a scroll of blinking
 h - a scroll of summoning
Potions
 b - 2 potions of invisibility
 c - 6 potions of curing
 d - 3 potions of heal wounds
 e - a potion of haste


   Skills:
 + Level 7.2 Fighting
 + Level 6.6 Long Blades
 + Level 8.4 Dodging
 - Level 3.4 Stealth
 + Level 7.2 Spellcasting
 + Level 6.4 Invocations


You couldn't memorise any spells.
You knew the following spells:

 Your Spells              Type           Power      Damage    Failure   Level
a - Foxfire               Conj/Fire      100%       2x1d9     1%          1
b - Conjure Flame         Conj/Fire      32%        6-21      6%          3
c - Inner Flame           Hex/Fire       32%        N/A       6%          3
d - Sticky Flame          Conj/Fire      32%        2d5       19%         4
e - Fireball              Conj/Fire      16%        3d8       47%         5
f - Sting                 Tmut/Pois      100%       1d8       1%          1
g - Searing Ray           Conj           64%        3d5       3%          2
h - Passwall              Tmut/Erth      26%        N/A       3%          2
Your spell library was empty.

Dungeon Overview and Level Annotations

Branches:
Dungeon (1/1)

Altars:
Ashenzari
Cheibriados
Dithmenos
Elyvilon
Fedhas
Gozag
Hepliaklqana
Kikubaaqudgha
Makhleb
Nemelex Xobeh
Okawaru
Qazlal
Ru
Sif Muna
Trog
Uskayaw
Vehumet
Wu Jian
Xom
Yredelemnul
Zin
The Shining One
Beogh
Jiyva
Lugonu


Innate Abilities, Weirdness & Mutations

You are immune to poison.
Your flesh is very heat resistant. (rF++)
You are vulnerable to cold. (rC-)
You float through the air rather than walking.
You learn spells naturally, not from books.
Your magical power is your life essence.
You have superior vitality. (+4 HP)


Message History

The sky beast is lightly wounded.
The sky beast hits you but does no damage.
You hit the sky beast.
The sky beast is moderately wounded.
The sky beast hits you but does no damage.
You closely miss the sky beast.
The sky beast is moderately wounded.
The sky beast misses you.
You riposte.
You slash the sky beast!
The sky beast is severely wounded.
You slash the sky beast!
You kill the sky beast!
Makhleb accepts your kill.
Your Fighting skill increases to level 7!
You completely miss the ice devil.
The ice devil hits you but does no damage.
You closely miss the ice devil. The ice devil misses you.
You hit the ice devil but do no damage. The ice devil barely misses you.
You riposte.
You closely miss the ice devil. You hit the ice devil but do no damage.
The ice devil misses you.
You hit the ice devil but do no damage. The ice devil hits you.
The ice devil freezes you!!
You feel a terrible chill!
You hit the ice devil but do no damage. The ice devil hits you.
The ice devil freezes you!!
You feel a terrible chill!
* * * LOW HITPOINT WARNING * * *
You hit the ice devil but do no damage. The ice devil closely misses you.
You feel much better. The ice devil closely misses you.
You riposte.
You closely miss the ice devil.
A red film seems to cover your vision as you go berserk!
You feel yourself moving faster!
You feel mighty!
The ice devil hits you but does no damage.
You closely miss the ice devil. The ice devil barely misses you.
You hit the ice devil but do no damage. The ice devil completely misses you.
You riposte.
You closely miss the ice devil. You closely miss the ice devil.
You barely miss the ice devil. The ice devil hits you.
The ice devil freezes you!!
You feel a terrible chill!
You barely miss the ice devil. The ice devil hits you.
* * * LOW HITPOINT WARNING * * *
The ice devil freezes you!!
You feel a terrible chill!
You die...

#.#........##.......#
#'###########.......#
#.......#). #########
#.###...#)# ####
#.#.....#.#....#
#)#...#.#'#....#
#.)...#.#.'.4..+
#.).###.#'#....#
#......@4.# .{.#
########### ###


You could see an ice devil.

Vanquished Creatures
  A ynoxinul (D)
  2 sky beasts (D)
  Duvessa (D)
  A wolf (D)
  Dowan (D)
  A scorpion (D)
  A hound (D)
  2 orc priests (D)
  An orc wizard (D)
  2 adders (D)
  4 orcs (D)
  2 endoplasms (D)
  A giant cockroach (D)
  2 goblins (D)
  A hobgoblin (D)
  7 jackals (D)
  A kobold (D)
  A quokka (D)
32 creatures vanquished.

Vanquished Creatures (others)
  44 foxfires (D)
44 creatures vanquished.

Grand Total: 76 creatures vanquished

Notes
Turn   | Place    | Note
-------+----------+-------------------------------------------
     0 | D        | rocky1 the Djinni Fire Elementalist began the quest for the
                  | Orb.
     0 | D        | Reached XP level 1. HP: 15/15 MP: 0/0
   245 | D        | Found a bloodstained altar of Trog.
   245 | D        | Found a viscous altar of Jiyva.
   245 | D        | Found a hazy altar of Hepliaklqana.
   245 | D        | Found an opulent altar of Gozag.
   246 | D        | Found a glowing golden altar of the Shining One.
   246 | D        | Found a glowing silver altar of Zin.
   246 | D        | Found a basalt altar of Yredelemnul.
   246 | D        | Found a shimmering altar of Xom.
   246 | D        | Found an ornate altar of the Wu Jian Council.
   246 | D        | Found a sacrificial altar of Ru.
   246 | D        | Found a stormy altar of Qazlal.
   246 | D        | Found an iron altar of Okawaru.
   246 | D        | Found a sparkling altar of Nemelex Xobeh.
   246 | D        | Found a burning altar of Makhleb.
   246 | D        | Found a blossoming altar of Fedhas.
   246 | D        | Found a white marble altar of Elyvilon.
   246 | D        | Found a shadowy altar of Dithmenos.
   246 | D        | Found a snail-covered altar of Cheibriados.
   248 | D        | Found a corrupted altar of Lugonu.
   249 | D        | Found a hide-covered altar of Uskayaw.
   249 | D        | Found a broken altar of Ashenzari.
   256 | D        | Became a worshipper of Makhleb the Destroyer
   314 | D        | Reached XP level 2. HP: 17/22 MP: 0/0
   315 | D        | Reached * piety under Makhleb
   430 | D        | Reached skill level 1 in Fighting
   433 | D        | Reached ** piety under Makhleb
   434 | D        | Reached skill level 1 in Long Blades
   434 | D        | Reached skill level 3 in Dodging
   458 | D        | Noticed a scorpion
   468 | D        | Killed a scorpion
   469 | D        | Reached skill level 4 in Dodging
   469 | D        | Reached XP level 3. HP: 29/29 MP: 0/0
   469 | D        | Learned a level 1 spell: Sting
   469 | D        | Reached XP level 4. HP: 34/34 MP: 0/0
   476 | D        | Reached *** piety under Makhleb
   708 | D        | Reached skill level 1 in Invocations
   729 | D        | Reached skill level 5 in Dodging
   729 | D        | Reached skill level 5 in Spellcasting
   729 | D        | Reached XP level 5. HP: 27/41 MP: 0/0
   729 | D        | Learned a level 2 spell: Searing Ray
   732 | D        | Reached **** piety under Makhleb
   876 | D        | Reached ***** piety under Makhleb
   934 | D        | Noticed a sky beast
   945 | D        | Killed a sky beast
   946 | D        | Reached skill level 5 in Fighting
   946 | D        | Reached skill level 6 in Dodging
   946 | D        | Reached XP level 6. HP: 39/49 MP: 0/0
  1110 | D        | Noticed a ynoxinul
  1122 | D        | Killed a ynoxinul
  1123 | D        | Reached skill level 5 in Long Blades
  1123 | D        | Reached skill level 7 in Dodging
  1123 | D        | Reached skill level 5 in Invocations
  1404 | D        | Noticed Duvessa
  1404 | D        | Noticed Dowan
  1409 | D        | Killed Duvessa
  1409 | D        | Killed Dowan
  1410 | D        | Reached XP level 7. HP: 28/57 MP: 0/0
  1410 | D        | Learned a level 2 spell: Passwall
  1417 | D        | Reached skill level 8 in Dodging
  1537 | D        | Noticed an ice devil
  1560 | D        | Slain by an ice devil

Illustrated notes

Levels and vault maps discovered:
D:        pitsprint [storerooms_1, entrance_room_1, metal_vault_2, armoury_2,
          mini_pit_1, grid_room_1, main_hall_1, silver_pit, the_coven_2,
          the_vestibule_1, steel_vault_4, golden_pit, hallway_of_sentries,
          crystal_vault_2, iron_vault_4, final_vault]

Skill      XL: |  1  2  3  4  5  6  7 |
---------------+----------------------+-----
Spellcasting   | 3 4 5 6 7 |  7.2
Stealth        | 2 3 |  3.4
Fighting       | 2 3 5 6 7 |  7.2
Long Blades    | 2 3 4 6 |  6.6
Dodging        | 4 5 6 7 8 |  8.4
Invocations    | 2 4 5 6 |  6.4

Action                   |  1- 3 |  4- 6 |  7- 9 || total
-------------------------+-------+-------+-------++-------
Melee: Unarmed           |     5 |       |       ||     5
       Falchion          |    12 |     5 |       ||    17
       Long sword        |       |    51 |    23 ||    74
 Cast: Foxfire           |    12 |    12 |       ||    24
       Searing Ray       |       |     5 |     1 ||     6
  Use: Potion            |     1 |     2 |     3 ||     6
Armor: Robe              |     4 |       |       ||     4
       Ring mail         |       |    28 |     6 ||    34
Dodge: Dodged            |    14 |    37 |    12 ||    63
       Rpst.: Long sword |       |    15 |     7 ||    22

Table legend: (Time is in decaauts)
 A = Elapsed time spent in this place.
 B = Non-inter-level travel time spent in this place.
 C = Inter-level travel time spent in this place.
 D = Time resting spent in this place.
 E = Time spent auto-exploring this place.
 F = Levels seen in this place.
 G = Mean time per level.
                   A        B        C        D        E       F      G
               +--------+--------+--------+--------+--------+-----+--------+
         Total |   1589 |   1589 |      0 |   1167 |      0 |   1 | 1589.0 |
       Dungeon |   1589 |   1589 |      0 |   1167 |      0 |   1 | 1589.0 |
               +--------+--------+--------+--------+--------+-----+--------+

Top non-repeatable levels by time:
       D: 1589 daAuts
